Map: Cyber Forest LE

Players

Zest

  • Race: Protoss Protoss
  • Spawn Location: 11:00

soO - Winner!

  • Race: Zerg Zerg
  • Spawn Location: 5:00

Event: IEM Season 13: Katowice (2019)

VOD

Have the link to the VOD?

Description

Time

  • Played on: March 2, 2019, 6:24 a.m.
  • Length: 7:47

All games in this series

Show
View Real Time Build Order
Export as new Build Order

Zest Protoss 

Build Orders: 1 Gate Expand 

Get SALT Encoding   

  12  0:00  Probe  
  13  0:13  Probe  
  14  0:17  Pylon  
  14  0:24  Probe  
  15  0:32  Probe  
  15  0:40  Gateway, Probe  
  16  0:46  Assimilator  
  17  0:51  Probe  
  18  1:03  Probe  
  19  1:15  Probe  
  20  1:24  Nexus  
  20  1:34  Cybernetics Core  
  20  1:36  Probe  
  21  1:44  Assimilator  
  21  1:48  Probe  
  21  1:51  Pylon  
  22  1:59  Probe  
  23  2:07  Probe  
  23  2:09  Adept  
  23  2:14  Robotics Facility  
  26  2:16  Probe  
  27  2:24  Warp Gate  
  27  2:26  Probe  
  28  2:33  Probe  
  28  2:34  Probe  
  28  2:39  Stalker  
  28  2:42  Probe  
  28  2:43  Probe  
  32  2:50  Warp Prism  
  34  2:51  Probe  
  34  2:53  Probe  
  36  3:04  Probe  
  40  3:05  Probe  
  40  3:10  Sentry  
  42  3:19  Probe x2  
  44  3:23  Gateway  
  44  3:24  Pylon  
  44  3:30  Observer  
  44  3:32  Probe  
  46  3:38  Gateway  
  46  3:39  Gateway  
  46  3:42  Probe  
  47  3:49  Gateway  
  47  3:50  Gateway  
  47  3:53  Gateway  
  47  3:58  Immortal  
  47  4:00  Shield Battery  
  51  4:14  Sentry  
  51  4:15  Pylon  
  53  4:17  Shield Battery  
  53  4:21  Sentry  
  53  4:34  Sentry  
  53  4:35  Zealot  
  53  4:38  Immortal  
  53  4:42  Shield Battery  
  53  4:44  Zealot x2  
  56  4:49  Zealot  
  56  4:50  Probe  
  49  4:55  Zealot  
  45  5:01  Zealot  
  39  5:09  Zealot  
  39  5:13  Zealot  
  40  5:30  Zealot  
  39  5:38  Zealot  
  39  5:40  Sentry x2  
  41  5:57  Zealot x2  
  45  6:13  Zealot x2  
  45  6:14  Sentry  
  51  6:19  Zealot  
  53  6:32  Sentry  
  53  6:33  Zealot  
  57  6:40  Zealot  
  59  6:48  Sentry  
  61  6:55  Pylon  
  60  7:07  Sentry  
  61  7:10  Zealot  
  61  7:13  Zealot x2  
  63  7:22  Zealot  
  63  7:29  Zealot  
  63  7:33  Zealot  
  49  7:37  Zealot  
Show
View Real Time Build Order
Export as new Build Order

soO Zerg - Winner!

Build Orders: Hatch First 

Get SALT Encoding   

  12  0:00  Drone  
  13  0:13  Overlord  
  13  0:17  Drone  
  14  0:31  Drone x2  
  14  0:35  Drone  
  17  0:52  Hatchery  
  17  0:54  Drone  
  17  0:57  Drone  
  18  1:08  Extractor  
  17  1:12  Spawning Pool  
  17  1:15  Drone  
  17  1:18  Drone  
  18  1:30  Drone  
  19  1:40  Drone  
  20  1:47  Hatchery  
  20  1:51  Drone  
  20  2:04  Queen  
  20  2:05  Drone  
  20  2:07  Drone  
  24  2:16  Drone  
  24  2:17  Overlord  
  25  2:24  Queen  
  25  2:29  Metabolic Boost  
  27  2:33  Drone  
  28  2:42  Roach Warren  
  27  2:45  Zergling x2  
  27  2:47  Zergling x2  
  29  2:55  Zergling x2  
  30  3:01  Drone  
  30  3:02  Overlord  
  31  3:10  Drone  
  32  3:22  Roach x3  
  32  3:23  Roach x2  
  32  3:25  Roach  
  44  3:28  Roach  
  44  3:32  Roach  
  48  3:36  Overlord  
  48  3:41  Overlord  
  48  3:47  Overlord  
  48  3:55  Zergling x4  
  49  3:59  Zergling x2  
  49  4:00  Zergling x6  
  52  4:07  Zergling x6  
  52  4:09  Ravager  
  57  4:17  Zergling x8  
  59  4:28  Zergling x2  
  59  4:29  Zergling x8  
  64  4:36  Zergling x2  
  64  4:37  Zergling x4  
  61  4:49  Zergling x2  
  61  4:50  Zergling x2  
  61  4:51  Zergling x8  
  61  4:54  Zergling x4  
  61  4:57  Zergling x2  
  61  4:59  Zergling x2  
  55  5:03  Ravager  
  55  5:04  Zergling x2  
  52  5:07  Zergling x4  
  52  5:13  Zergling x6  
  56  5:18  Zergling x2  
  56  5:19  Zergling x2  
  47  5:30  Zergling x10  
  47  5:33  Zergling x2  
  47  5:35  Zergling x2  
  44  5:50  Drone x2  
  44  5:51  Drone x5  
  48  6:05  Queen  
  48  6:08  Roach x2  
  52  6:23  Zergling x2  
  52  6:24  Roach x3, Zergling x4  
  59  6:33  Ravager  
  59  6:39  Drone x5  
  65  6:40  Overlord x2, Drone  
  65  6:44  Overlord  
  65  6:51  Overlord  
  65  6:55  Overlord x2  
  65  6:59  Ravager x2  
  65  7:00  Roach, Ravager  
  70  7:05  Zergling x6  
  72  7:08  Zergling x2  
  72  7:09  Zergling x2  
  72  7:13  Zergling x2  
  72  7:14  Zergling x4  
  77  7:21  Zergling x4  
  77  7:22  Ravager, Zergling x4  
  79  7:28  Roach  
  77  7:30  Zergling x4  

Tags
 
Add a new tag
Caveats
  • Supply blocks, unpowered buildings, or Contaminate may cause inaccurate times.
  • Supply counts are checked every 10 seconds.